 Dungeon Crawl Stone Soup version 0.29.0-4-gdea44cf6ec (webtiles) character file.

Game seed: 1770314609867162032

30 qw the Chopper (level 3, 0/21 HPs)
             Began as a Tengu Warper on Aug 28, 2022.
             Succumbed to an adder's poison
             ... on level 2 of the Dungeon.
             The game lasted 00:00:05 (1039 turns).

qw the Chopper (Tengu Warper)                       Turns: 1039, Time: 00:00:06

Health: 0/21       AC:  8    Str: 13    XL:     3   Next: 20%
Magic:  7/7        EV:  6    Int: 13    God:
Gold:   92         SH:  0    Dex: 13    Spells: 6/6 levels left

rFire   . . .      SeeInvis .   Y - +0 hand axe
rCold   . . .      Faith    .   (no shield)
rNeg    . . .      Spirit   .   j - +0 chain mail
rPois   .          Reflect  .   (helmet restricted)
rElec   .          Harm     .   (no cloak)
rCorr   .          Rampage  .   (no gloves)
Will    .....                   (boots unavailable)
Stlth   ..........              (no amulet)
HPRegen 0.07/turn               (no ring)
MPRegen 0.10/turn               (no ring)

@: lethally poisoned (0 -> -6)
A: beak, talons 3
a: no special abilities


You were on level 2 of the Dungeon.
You visited 1 branch of the dungeon, and saw 2 of its levels.

You collected 92 gold pieces.


Innate Abilities, Weirdness & Mutations

You have a beak for a mouth.
You have claws for feet.


   Skills:
 - Level 2.0 Fighting
 + Level 3.9 Axes
 - Level 1.0 Throwing
 - Level 1.1 Armour
 - Level 2.1 Dodging
 - Level 2.0 Spellcasting
 - Level 2.4 Translocations


You had 6 spell levels left.
You didn't know any spells.
Your spell library contained the following spells:

 Spells                   Type           Power      Damage    Failure   Level
 Blink                    Tloc           14%        N/A       99%         2
 Gell's Gravitas          Tloc           7%         N/A       100%        3
 Lesser Beckoning         Tloc           7%         N/A       100%        3
 Teleport Other           Tloc           7%         N/A       100%        3
 Manifold Assault         Tloc           7%         N/A       100%        5

Inventory:

Hand Weapons
 g - a +0 whip
 Y - a +0 hand axe (weapon)
Armour
 j - a +0 chain mail (worn)
Scrolls
 a - 3 scrolls of teleportation {unknown}
 b - a scroll of fear {unknown}

Dungeon Overview and Level Annotations

Branches:
Dungeon (2/15)

Altars:


Message History

An adder comes into view.
The adder hisses angrily.
You barely miss the adder. You claw the adder, but do no damage.
The adder bites you but does no damage. The adder bites you.
You are poisoned.
The adder poisons you!
You barely miss the adder. Your kick misses the adder.
You feel sick. The adder bites you but does no damage.
You closely miss the adder.
You feel sick. The adder barely misses you. x2
You barely miss the adder.
You feel sick.
You are no longer poisoned.
The adder bites you.
You are poisoned.
The adder poisons you!
You hit the adder. Your kick misses the adder.
The adder is heavily wounded.
You feel sick. The adder bites you but does no damage.
The adder barely misses you.
You miss the adder. Your kick misses the adder. Your peck misses the adder.
The adder is heavily wounded.
You feel sick. The adder bites you but does no damage.
You hit the adder but do no damage.
The adder is heavily wounded.
You feel sick.
The adder bites you but does no damage. x2
You closely miss the adder. Your kick misses the adder.
The adder is heavily wounded.
You feel sick. The adder bites you.
You are lethally poisoned!
The adder poisons you!
You miss the adder. You claw the adder.
You kill the adder!
You feel very sick.
You have reached level 3!
Your experience leads to an increase in your attributes!
Increase (S)trength, (I)ntelligence, or (D)exterity?
You feel stronger. x2
There is a lethal amount of poison in your body!
You die...

.......... ###.......
..#..#... ..........
........ ...........
....<..
..#..#####.###.....###
.....##..............
.................#.#
###................###.#
###.............@......#
.................#.###.#
#.##.#.....##....# #
#.##.#.#.#.##....#
.................#
#.##.#.#.#.##....#
#.##.#.#....#....#
#.##.#.###..........
.......###...........


There were no monsters in sight!

Vanquished Creatures
  An adder (D:2)
  2 ball pythons (D:1)
  A bat (D:1)
  An endoplasm (D:1)
  3 giant cockroaches
  A goblin (D:1)
  3 jackals (D:1)
  2 kobolds (D:1)
  3 frilled lizards (D:1)
  2 rats
19 creatures vanquished.

Notes
Turn   | Place    | Note
-------+----------+-------------------------------------------
     0 | D:1      | qw the Tengu Warper began the quest for the Orb.
     0 | D:1      | Reached XP level 1. HP: 12/12 MP: 4/4
     0 | D:1      | 0 ||| qw: Version: 0.1-a-89-g26bdef1
     0 | D:1      | 0 ||| qw: Game counter: 1972
     0 | D:1      | 0 ||| qw: Always use a shield: true
     0 | D:1      | 0 ||| qw: God list: Okawaru
     0 | D:1      | 0 ||| qw: Allow faded altars: false
     0 | D:1      | 0 ||| qw: Do Orc after D:15 true
     0 | D:1      | 0 ||| qw: Do second Lair branch before Depths: true
     0 | D:1      | 0 ||| qw: Lair rune preference: random
     0 | D:1      | 0 ||| qw: Plans: Normal
     0 | D:1      | 0 ||| PLANNING D:1-11
   240 | D:1      | Reached XP level 2. HP: 17/17 MP: 6/6
   242 | D:1      | Reached skill level 3 in Axes
   353 | D:1      | Found a faded altar of an unknown god.
   678 | D:1      | 678 ||| Stepping ~*~*~tactically~*~*~ (stealth).
   723 | D:1      | 723 ||| UPGRADING to +0 ring mail.
   733 | D:1      | 733 ||| DROPPING +0 leather armour.
   734 | D:1      | 734 ||| UPGRADING to +0 chain mail.
   744 | D:1      | 744 ||| DROPPING +0 ring mail.
   745 | D:1      | 745 ||| READING scroll labelled EWYNIC ULANESM.
   746 | D:1      | 746 ||| READING scroll labelled ESKEKK ASHRUDD.
   747 | D:1      | 747 ||| READING 3 scrolls labelled CURPHU LAIP.
   748 | D:1      | 748 ||| READING scroll labelled IPLEZ QIEXZE.
   877 | D:1      | 877 ||| DROPPING scroll of blinking.
   878 | D:1      | 878 ||| DROPPING 2 scrolls of vulnerability.
   903 | D:2      | 903 ||| STAIRDANCE
  1037 | D:2      | HP: 4/17 [adder (1)]
  1038 | D:2      | HP: 1/17 [poisoned by an adder]
  1039 | D:2      | Reached XP level 3. HP: 1/21 MP: 7/7
  1039 | D:2      | Succumbed to an adder's poison

Levels and vault maps discovered:
D:1:      scummos_arrival_checkerplants, layout_loops_cross,
          hellmonk_ecumenical_altar_run_dry, minmay_stone_trees_small
D:2:      layout_basic

Skill      XL: |  1  2 |
---------------+-------+-----
Axes           | 3 |  3.9
Fighting       | |  2.0
Throwing       | |  1.0
Armour         | |  1.1
Dodging        | |  2.1
Spellcasting   | |  2.0
Translocations | |  2.4

Action                   || total
-------------------------++-------
Melee: Hand axe          ||    42
       Kick              ||     9
       Peck              ||     4
Throw: Boomerang         ||     7
  Use: Scroll            ||     4
Armor: Leather armour    ||     5
       Chain mail        ||    11
Dodge: Dodged            ||    21

Table legend:
 A = Non-vault XP
 B = Vault XP
 C = Vault XP percentage of total XP
 D = Non-vault monster count
 E = Vault monster count
 F = Vault count percentage of total count
                 A         B        C        D         E       F
            +---------+---------+-------+---------+---------+-------
      Total |      44 |       0 |   0.0 |      19 |       0 |   0.0
            +---------+---------+-------+---------+---------+-------
        D:1 |      26 |       0 |   0.0 |      15 |       0 |   0.0
        D:2 |      18 |       0 |   0.0 |       4 |       0 |   0.0
            +---------+---------+-------+---------+---------+-------
